Cogmind - Beta 14 @@@ ROGUE MODE // 2025.05.05 @ 16:00:14 Player: Rotpup_ Result: Destroyed by S-10 Pest with Light Assault Rifle Performance ------------- Evolutions (0) 0 Regions Visited (1) 200 Robots Destroyed (21) 105 Value Destroyed (451) 451 Prototype IDs (0) 0 Alien Tech Used (0) 0 Bonus (0) 0 TOTAL SCORE: 756 Bonus ------- None Cogmind --------- Core Integrity 0/250 Matter 300/300 Energy 245/250 System Corruption 0% Temperature Cool (0) Movement Core (300) Ox5 Location -10/Materials Parts ------- > --- POWER (1) -------- Ion Engine > --- PROPULSION (2) --- (None) > --- UTILITY (2) ------ High-capacity Storage Unit Weight Redist. System > --- WEAPON (2) ------- Light Assault Rifle Hammer > --- INVENTORY (20) --- Ion Engine Ion Engine Peak State ------------ > --- POWER ------------ Ion Engine > --- PROPULSION ------- Light Treads Light Treads > --- UTILITY ---------- High-capacity Storage Unit Weight Redist. System > --- WEAPON ----------- Light Assault Rifle Hammer > --- INVENTORY -------- Ion Engine Ion Engine [Rating: 8] Favorites ----------- Power Ion Engine Engine Ion Engine Propulsion Light Treads Treads Light Treads Utility Small Storage Unit Device Weight Redist. System Storage Small Storage Unit Protection Propulsion Shielding Weapon Light Assault Rifle Ballistic Gun Light Assault Rifle Impact Weapon Hammer Build | -11 -10 ------- Run | Yrd Mat Slots Evolved . | . . Power . | . . Propulsion . | . . Utility . | . . Weapon . | . . Parts Attached 18 | 7 11 Power 2 | 1 1 Engine 2 | 1 1 Core . | . . Reactor . | . . Propulsion 4 | 2 2 Treads 4 | 2 2 Leg . | . . Wheel . | . . Hover . | . . Flight . | . . Utility 8 | 2 6 Device 2 | . 2 Storage 5 | 2 3 Processor . | . . Hackware . | . . Protection 1 | . 1 Artifact . | . . Weapon 4 | 2 2 Energy Gun . | . . Energy Cannon . | . . Ballistic Gun 3 | 2 1 Ballistic Cannon . | . . Launcher . | . . Special Weapon . | . . Impact Weapon 1 | . 1 Slashing Weapon . | . . Piercing Weapon . | . . Special Melee Weapon . | . . Unidentified Prototypes . | . . Parts Lost 7 | . 7 Power 1 | . 1 Propulsion 3 | . 3 Utility 1 | . 1 Weapon 2 | . 2 Highest Loss Streak 5 | . 5 To Critical Strikes . | . . Average Slot Usage (%) 95 | . 95 Engine 13 | . 13 Treads 26 | . 26 Device 4 | . 4 Storage 19 | . 19 Protection 2 | . 2 Ballistic Gun 22 | . 22 Impact Weapon 3 | . 3 Peak Build Rating 8 | 7 8 Average Rating 6 | 4 6 On Entrance 3 | . 7 Naked Turns . | . . Heaviest Build 50 | 17 50 Greatest Support 46 | 40 46 Greatest Overweight (x) 5 | 1 5 Average Overweight (x) . | . . Largest Inventory Capacity 20 | 8 20 Average Capacity 15 | 7 15 Most Carried 7 | 5 7 Average Carried 3 | 2 3 Final Capacity 20 | 8 20 Final Carried 2 | 2 2 Class Distribution -------------------- 100% | Mutant Dominant Class ---------------- Mutant | -10/Materials Resources | -11 -10 ----------- Run | Yrd Mat Matter Collected 451 | 228 223 Remotely . | . . Salvage Created 694 | 98 596 Parts 33 | 1 32 Haulers Intercepted 1 | . 1 Recyclers Shooed . | . . Parts Field Recycled . | . . Retrieved Matter . | . . Parts Self-Destructed . | . . Prevented . | . . Kills | -11 -10 ------- Run | Yrd Mat Combat Hostiles Destroyed 14 | . 14 Melee 4 | . 4 Guns 8 | . 8 Classes Destroyed 7 | 1 6 Worker 2 | . 2 Hauler 1 | . 1 Recycler 1 | 1 . Operator 1 | . 1 Watcher 2 | . 2 Swarmer 4 | . 4 Grunt 10 | . 10 Best Kill Streak 4 | 1 4 Combat Bots Only 4 | . 4 Max Kills in Single Turn 1 | 1 1 Gunslinging . | . . Exploded . | . . Melee 1 | . 1 Uniques/NPCs Destroyed . | . . Combat | -11 -10 -------- Run | Yrd Mat Hostile Shots Fired 148 | . 148 Missed 39 | . 39 Damage Taken 1151 | . 1151 Core 255 | . 255 Absorbed by Shields . | . . Redirected to Shielding 10 | . 10 Core Remaining (%) 100 | 100 . Volleys Fired 53 | 1 52 Largest 2 | 2 2 Hottest 40 | 40 40 Shots Fired 96 | 2 94 Gun 96 | 2 94 Cannon . | . . Launcher . | . . Special . | . . Kinetic 96 | 2 94 Thermal . | . . Explosive . | . . Electromagnetic . | . . Robot Hit Streak 10 | 2 10 Robot Miss Streak 5 | . 5 Penetration Max . | . . Secondary Targets . | . . Shots Hit Robots 82 | 2 80 Core Hits 31 | 2 29 Critical Kills 1 | . 1 Critical Parts Destroyed 6 | . 6 Critical Strikes 7 | . 7 Destroy 1 | . 1 Smash 6 | . 6 Melee Attacks 22 | . 22 Impact 22 | . 22 Slashing . | . . Piercing . | . . Sneak Attacks 1 | . 1 Combat Hostiles . | . . Follow-up Attacks . | . . Damage Inflicted 997 | 17 980 Guns 501 | 17 484 Cannons . | . . Explosions . | . . Melee 496 | . 496 Ramming . | . . Kinetic 501 | 17 484 Thermal . | . . Explosive . | . . Electromagnetic . | . . Impact 496 | . 496 Slashing . | . . Piercing . | . . Highest Corruption . | . . Average Corruption . | . . Corruption Purged . | . . Corruption Blocked . | . . Overload Shots . | . . Overflow Damage 126 | . 126 Projectiles . | . . Explosions . | . . Melee 126 | . 126 Knockbacks 2 | . 2 Impact 2 | . 2 Kinetic . | . . Secondary . | . . Self-Inflicted Damage . | . . Shots . | . . Rammed . | . . Targets Rammed . | . . Kicked . | . . Crushed . | . . Highest Temperature 12 | . 12 Average Temperature 7 | . 7 Received Heat Transfer 366 | . 366 Siege Activations . | . . Robots Corrupted 3 | . 3 Combat Hostiles 2 | . 2 Parts Fried 6 | . 6 Impact Corruptions 6 | . 6 Robots Melted . | . . Combat Hostiles . | . . Parts Melted . | . . Heat Transferred . | . . Parts Sabotaged . | . . Parts Stolen . | . . Parts Stripped . | . . Power Chain Reactions . | . . Alert | -11 -10 ------- Run | Yrd Mat Peak Influence 339 | 5 339 Initial 3 | . 3 Average 134 | 2 144 Maximum Alert Level 1 | . 1 Low Security (%) 80 | 100 78 Level 1 19 | . 21 Level 2 . | . . Level 3 . | . . Level 4 . | . . Level 5 . | . . High Security . | . . Max Security . | . . Squads Dispatched 3 | . 3 Investigation 2 | . 2 Extermination . | . . Reinforcement 1 | . 1 Assault . | . . Garrison . | . . Intercept . | . . Searches Triggered . | . . Construction Impeded . | . . Haulers Reinforced . | . . Active Scanning Responses . | . . Cargo Convoy Interrupts . | . . Stealth | -11 -10 --------- Run | Yrd Mat Distress Signals 2 | . 2 Communications Jammed . | . . Distress Signals . | . . Times Spotted 33 | . 33 Peak Tracking Total 6 | . 6 Tactical Retreats 5 | . 5 Traps | -11 -10 ------- Run | Yrd Mat Traps Triggered 2 | . 2 Indirectly . | . . Trap Hack Attempts . | . . Triggered . | . . Disarmed 6 | . 6 Reprogrammed . | . . Reused . | . . Traps Extracted . | . . Installed . | . . Triggered . | . . Machines | -11 -10 ---------- Run | Yrd Mat Machines Disabled . | . . Max in Single Turn . | . . Machines Repaired . | . . Machines Dismantled . | . . Machines Sabotaged . | . . Overloaded Fab Kills . | . . Hacking | -11 -10 --------- Run | Yrd Mat Machines Accessed 5 | . 5 Terminals 5 | . 5 Fabricators . | . . Repair Stations . | . . Recycling Units . | . . Scanalyzers . | . . Garrison Access . | . . Total Hacks 14 | . 14 Successful 6 | . 6 Failed 8 | . 8 Catastrophic 1 | . 1 Database Lockouts . | . . Manual 10 | . 10 Terminals 14 | . 14 Fabricators . | . . Repair Stations . | . . Recycling Units . | . . Scanalyzers . | . . Garrison Access . | . . Terminal Hacks 4 | . 4 Record 1 | . 1 Unreport Threat 1 | . 1 Disarm Traps 1 | . 1 Hauler Manifests 1 | . 1 Fabricator Hacks . | . . Repair Station Hacks . | . . Recycling Unit Hacks . | . . Scanalyzer . | . . Garrison Access Hacks . | . . Unauthorized Hacks 2 | . 2 Terminals 2 | . 2 Botnet 1 | . 1 Operators 1 | . 1 Fabricators . | . . Repair Stations . | . . Recycling Units . | . . Scanalyzers . | . . Garrison Access . | . . Data Cores Recovered . | . . Used . | . . Hacking Detections 4 | . 4 Full Trace Events 3 | . 3 Feedback Events . | . . Feedback Blocked . | . . Robot Schematics Acquired . | . . Robots Built . | . . Authchips . | . . Time . | . . Total Robot Build Rating . | . . Part Schematics Acquired . | . . Parts Built . | . . Authchips . | . . Time . | . . Total Part Build Rating . | . . Parts Repaired . | . . Time . | . . Parts Recycled . | . . Recycled Matter . | . . Retrieved Matter . | . . Retrieved Components . | . . Parts Scanalyzed . | . . Part Schematics Acquired . | . . Parts Damaged . | . . Bothacking | -11 -10 ------------ Run | Yrd Mat Used RIF Installer . | . . Robots Hacked . | . . Non-combat . | . . Combat . | . . Robot Hacks Applied . | . . Relay Couplers Released . | . . Fabnet Peak Effective % . | . . Robots Rewired . | . . Allies Hacked . | . . Hacks Repelled . | . . Allies | -11 -10 -------- Run | Yrd Mat Total Allies . | . . Largest Group . | . . Highest-Rated Group . | . . Highest-Rated Ally . | . . Total Orders . | . . Ally Attacks . | . . Total Damage . | . . Kills . | . . Allies Corrupted . | . . Allies Melted . | . . Intel | -11 -10 ------- Run | Yrd Mat Robot Analysis Total . | . . Derelict Logs Recovered . | . . Drone Launches . | . . Drone Recoveries . | . . Exploration | -11 -10 ------------- Run | Yrd Mat Turns Passed 1109 | 75 1034 Spaces Moved 423 | 47 376 Core 20 | 18 2 Treads 403 | 29 374 Legs . | . . Wheels . | . . Hover . | . . Flight . | . . Fastest Speed 50 | 50 160 Average Speed 197 | 124 206 Slowest Speed 320 | 160 320 Overloaded Moves . | . . Propulsion Burnouts . | . . Robots Hopped . | . . Cave-ins Triggered . | . . Exploration Rate (%) 35 | 4 66 Regions Visited 1 Branch Regions . Pre-discovered Areas . | . . Known Exits Taken . | . . Unknown Exits Taken 1 | 1 . Scrap Searched . | . . Spaces Dug . | . . Terrain Destroyed . | . . Melee . | . . Projectile . | . . AOE . | . . Terrain Rammed . | . . Walls Destroyed . | . . Machines Disabled . | . . Actions | -11 -10 --------- Run | Yrd Mat Total 583 | 62 521 Wait 45 | . 45 Move 422 | 46 376 Hop . | . . Pick Up 18 | 8 10 Fast Attach 1 | 1 . Attach 12 | 6 6 Detach . | . . Swap 5 | . 5 Drop 5 | . 5 Fire 53 | 1 52 Melee 22 | . 22 Ram . | . . Kick . | . . Crush . | . . Escape Stasis . | . . Rewire . | . . Trap . | . . Miscellaneous . | . . Route ------- -11/Scrapyard -10/Materials (discovered 2 exits: [*Mat] / [*Min]) History --------- Turn | Location | Event 19 | -11/Scrapyard | Discovered new exit (range 16) 76 | -11/Scrapyard | Entered Materials 305 | -10/Materials | Build established: Mutant 374 | -10/Materials | Discovered new exit (range 4) 620 | -10/Materials | Discovered new exit (range 11) 812 | -10/Materials | Core integrity fell below 50% 862 | -10/Materials | Lost 5 parts (1p1n1u2w) 863 | -10/Materials | Core integrity fell below 20% 1110 | -10/Materials | Destroyed by S-10 Pest with Light Assault Rifle Last Messages --------------- R-06 Scavenger collects Corrupted Aluminum Leg. Connecting with Terminal... >>Alert(Purge) Purged threat record, alert level lowered. Acquired 1 matter. S-10 Pest suffers critical hit (Smash). Destroyed Flight Unit. S-10 Pest system corrupted by crushing effect. Lgt. Ion Engine fried. Flight Unit fried. S-10 Pest destroyed. Acquired 2 matter. Sneak attack on O-16 Technician. Destroyed Lgt. Ion Engine. O-16 Technician system corrupted by crushing effect. O-16 Technician system terminally corrupted. Hover Unit fried. Lgt. Treads destroyed. S-10 Pest destroyed. Map ----- +----------------------------------------------------+ | | | | | | | | | | | | | | | | | | | | | | | | | | | ?????????????????????????????????????????????????? | | ???????????????????????????????????###########???? | | ???????????????????????????????????# "T" ###?? | | ???????????????????????????????????# ""#?? | | ???????????######################### T"#?? | | ?????????? # % ! ""#?? | | ?????????? +% ###?? | | ?????????? # """ """ #???? | | ?????????????????#######+########### """ """ #???? | | ???????????????????# #?????# """ """ #???? | | ???????????????????# #?????###########???? | | ???????????????????# #???????????????????? | | ???????????????????# =%@ #???????????????????? | | ???????????????????#####s#####???????????????????? | | ??????????????????????# % #??######??????????????? | | ??????????????????????# # #??????????????? | | ??????????????????????# + #??????????????? | | ??????????????????????# # #??????????????? | | ???????????? ????## ##?######??????????????? | | ???????????? ""??# #?????????????????????? | | ??????????????"" R" # #?????????????????????? | | ??????????????"" """ + #?????????????????????? | | ?????????????""" # #?????????????????????? | | ???????????# ??# #?????????????????????? | | ???????????# ????## ##?????????????????????? | | ???????????####???????# #############??????????? | | ??????????????????????# # #??????????? | | ??????????????????????# # """ """ #??????????? | | ??????????????????????# # """"""""" ###????????? | | ??????????????????????# # """"" + #????????? | | ??????????????????????# # #??????????? | | ??????????????????????/ + #??????????? | | ??????????????????????# # ! #??????????? | | ???????????#######+#?## #######+#####??????????? | | ???????????# ## #?# "?????# #??????????????? | | ???????????#!! ## #?# ?"???# #??????????????? | | ???????????#!! ## #?# !"#??# #??????????????? | +----------------------------------------------------+ Best States ------------- Heat Dissipation 25 Energy Generation 10 Energy Capacity 250 Matter Stores 300 Matter Capacity 450 Sight Range 16 Robot Scan Range 14 Terrain Scan Density 10 Additional Mass Support 6 Propulsion Shielding 33 Evasion (%) 50 Recoil Reduction 2 Item Schematics ----------------- None Robot Schematics ------------------ None Fabricated ------------ Nothing Alien Tech Used ----------------- None Achievements -------------- None Challenges ------------ None Game ------ Seed ModifiedIntegratedBlade Manual? 0 Play Time 00:13:46 Cumulative 4.3 hours Start 2025.05.05 @ 15:50:33 End 2025.05.05 @ 16:00:14 Sessions 1 Manual Loads 0 Difficulty Rogue Special Mode None Game No. 16 Rogue 16 Adventurer 0 Explorer 0 Win Type - Total 0 Types 0/0/0/0/0/0/0/0/0 Lore% 8 Gallery% 11 Achievement% 13 Wizard Run 0 Options --------- Layout 1 ASCII 0 Keyboard 0 Movement Mouse Keybinds 0 Fullscreen 1 Font 24/Smallcaps Map View 50x35 Zoom Use 0% Tactical HUD 0 Map Filters NONE Filters NONE Steam 1 RUN: aa25c9be-36fa-46df-8806-1a809313940f